 Dungeon Crawl Stone Soup version 0.32-a0-921-g04a7ad8e02 (webtiles) character file.

Game seed: 16940610262020436463

4475 zurenarrh the Basher (level 10, -3/77 HPs)
             Began as an Armataur Fighter on Apr 11, 2024.
             Was a Believer of Wu Jian.
             Slain by a water moccasin (7 damage)
             ... on level 8 of the Dungeon.
             The game lasted 00:15:23 (7647 turns).

zurenarrh the Basher (Armataur Fighter)             Turns: 7647, Time: 00:15:24

Health: -3/77      AC: 17    Str: 26    XL:     10   Next: 15%
Magic:  10/10      EV:  1    Int:  8    God:    Wu Jian [**....]
Gold:   235        SH:  4    Dex: 10    Spells: 9/9 levels left

rFire   . . .        a - +0 flail
rCold   + . .        c - +0 buckler
rNeg    . . .        t - +0 plate armour
rPois   .            (no helmet)
rElec   .            r - +1 cloak
rCorr   +            j - +0 pair of gloves
SInv    .            e - +0 barding "Ceudueqi" {Will+ rCorr}
Will    +....        p - amulet of faith Stlth
                     f - ring of resist corrosion
HPRegen 0.32/turn    i - ring of protection from cold
MPRegen 0.12/turn

%: roll, faith
@: mighty, slowed, very slow
A: large, deformed body, tough skin 3, armoured tail, rollpage 2
a: Renounce Religion, Wall Jump


You were on level 8 of the Dungeon.
You worshipped Wu Jian.
Wu Jian was pleased with you.
You visited 2 branches of the dungeon, and saw 9 of its levels.

You collected 368 gold pieces.
You spent 133 gold pieces at shops.

Inventory:

Hand Weapons
 a - a +0 flail (weapon)
Armour
 b - a +0 scale mail
 c - a +0 buckler (worn)
 e - the +0 barding "Ceudueqi" (worn) {Will+ rCorr}
   (You acquired it on level 1 of the Dungeon)

   Will+:     It increases your willpower.
   rCorr:     It protects you from acid and corrosion.
 j - a +0 pair of gloves (worn)
 r - a +1 cloak (worn)
 t - a +0 plate armour (worn)
 v - a +0 cloak
Jewellery
 f - a ring of resist corrosion (left hand)
 i - a ring of protection from cold (right hand)
 p - an amulet of faith (around neck)
 B - a ring of magical power
Talismans
 q - a maw talisman
Wands
 n - a wand of flame (36)
 y - a wand of digging (3)
Scrolls
 k - 4 scrolls of teleportation
 m - a scroll of revelation
 s - a scroll of blinking
 u - a scroll of identify
 z - 2 scrolls of vulnerability {unknown}
 D - a scroll of brand weapon {unknown}
Potions
 g - a potion of curing
 h - a potion of resistance
 l - 2 potions of degeneration
 w - a potion of ambrosia
 x - a potion of invisibility
 A - a potion of haste {unknown}
 C - a potion of brilliance {unknown}


   Skills:
 - Level 3.0 Fighting
 * Level 13.3 Maces & Flails
 - Level 4.0 Armour
 - Level 4.0 Shields


You had 9 spell levels left.
You didn't know any spells.
Your spell library contained the following spells:

 Spells                   Type           Power      Damage    Failure   Level
 Apportation              Tloc           0%         N/A       100%        1
 Necrotise                Necr           0%         1d4       100%        1
 Sting                    Conj/Alch      0%         1d3       100%        1
 Summon Small Mammal      Summ           0%         N/A       100%        1
 Jinxbite                 Hex            0%         N/A       100%        2
 Frozen Ramparts          Ice            0%         1d1       100%        3
 Ozocubu's Armour         Ice            0%         N/A       100%        3
 Alistair's Intoxication  Alch           0%         N/A       100%        5
 Metabolic Englaciation   Hex/Ice        0%         N/A       100%        5
 Malign Gateway           Summ/Tloc      0%         N/A       100%        7
 Summon Horrible Things   Summ           0%         N/A       100%        8


Dungeon Overview and Level Annotations

Branches:
Dungeon (8/15)             Temple (1/1) D:5
   Lair: D:8-11

Altars:
Ashenzari
Cheibriados
Dithmenos
Elyvilon
Fedhas
Gozag
Hepliaklqana
Kikubaaqudgha
Makhleb
Nemelex Xobeh
Okawaru
Qazlal
Ru
Sif Muna
Trog
Uskayaw
Vehumet
Wu Jian
Xom
Yredelemnul
Zin
The Shining One

Shops:
D:2 !*   D:3 [   D:6 (:(:


Innate Abilities, Weirdness & Mutations

Armour fits poorly on your strangely shaped body.
You have extremely tough skin. (AC +3)
You have a long armoured tail.
You regenerate magic and health when rolling toward enemies. (Rampage Regen)


Message History

The water moccasin poisons you!
You spin and attack the wyvern.
You thump the wyvern!
The wyvern is heavily wounded.
You spin and attack the water moccasin.
You closely miss the water moccasin. You tail-slap the water moccasin!
The water moccasin is severely wounded.
You feel very sick. The wyvern bites you.
The water moccasin bites you but does no damage.
You block the water moccasin's attack. The wyvern bites you.
You block the water moccasin's attack. The water moccasin barely misses you.
You spin and attack the wyvern.
You hit the wyvern.
The wyvern is almost dead.
You spin and attack the yak.
You sock the yak! You tail-slap the yak!
The yak is severely wounded.
You feel very sick.
The wyvern bites you but does no damage.
You block the water moccasin's attack.
The wyvern bites you but does no damage.
The yak gores you but does no damage.
The water moccasin bites you but does no damage.
You block the wyvern's attack.
You feel better. The water moccasin bites you!
You are poisoned.
The water moccasin poisons you! You block the wyvern's attack.
The water moccasin bites you but does no damage.
You block the yak's attack.
The water moccasin bites you but does no damage.
The water moccasin bites you.
You are lethally poisoned!
The water moccasin poisons you! The wyvern bites you.
* * * LOW HITPOINT WARNING * * *
The water moccasin bites you but does no damage.
The yak gores you!
* * * LOW HITPOINT WARNING * * *
The water moccasin bites you but does no damage.
You feel better. You block the water moccasin's attack. The wyvern bites you!
* * * LOW HITPOINT WARNING * * *
The water moccasin bites you!
You die...

.............P...P
.................P
............##....
............# .
...........†#
............#
.......Y....#
......SSk..##
.....lS@YW.#
..........##
..........#
..........#
.....###.## #####
#.# #.# ###.#
###...## #


You could see 2 yaks, a basilisk, a wraith, 3 water moccasins and a wyvern.

Vanquished Creatures
  A hornet (D:8)
  Sigmund (D:3)
  A shadow (D:6)
  2 wyverns
  2 yaks (D:8)
  A steam dragon (D:6)
  2 water moccasins (D:5)
  Duvessa (D:7)
  2 ice beasts
  A black bear (D:5)
  An orc warrior (D:7)
  6 ogres
  4 centaurs
  2 phantoms
  2 kobold brigands
  2 bullfrogs
  3 scorpions
  3 wights (D:7)
  Dowan (D:7)
  An electric eel (D:6)
  3 hounds
  A jelly (D:4)
  2 bombardier beetles (D:5)
  Crazy Yiuf (D:4)
  2 orc priests
  A sleepcap (D:5)
  5 iguanas
  5 orc wizards
  12 gnolls
  10 adders
  3 shadow imps
  7 ufetubi
  3 dart slugs
  3 ribbon worms
  22 orcs
  6 endoplasms
  5 giant cockroaches
  5 goblins
  6 hobgoblins
  14 jackals
  5 quokkas
  3 ball pythons
  3 bats
  5 frilled lizards
  9 kobolds
  5 rats
185 creatures vanquished.

Notes
Turn   | Place    | Note
-------+----------+-------------------------------------------
     0 | D:1      | zurenarrh the Armataur Fighter began the quest for the Orb.
     0 | D:1      | Reached XP level 1. HP: 18/18 MP: 1/1
   113 | D:1      | Reached skill level 2 in Maces & Flails
   147 | D:1      | Reached XP level 2. HP: 22/25 MP: 2/2
   400 | D:1      | Reached XP level 3. HP: 24/30 MP: 3/3
   500 | D:1      | Identified a scroll of acquirement
   500 | D:1      | Acquired the +0 barding "Ceudueqi" {Will+ rCorr}
   838 | D:2      | Reached skill level 3 in Maces & Flails
   887 | D:2      | Reached XP level 4. HP: 38/38 MP: 4/4
  1238 | D:2      | Found Caraom's General Store.
  1389 | D:2      | Found Koul's Distillery.
  1397 | D:2      | HP: 1/38 [gnoll/+0 whip (2)]
  1547 | D:2      | Bought a potion of heal wounds for 70 gold pieces
  1832 | D:3      | Found a hazy altar of Hepliaklqana.
  1852 | D:3      | Reached skill level 4 in Maces & Flails
  2021 | D:3      | Found a sacrificial altar of Ru.
  2021 | D:3      | Found a broken altar of Ashenzari.
  2021 | D:3      | Found a bloodstained altar of Trog.
  2039 | D:3      | Reached XP level 5. HP: 42/45 MP: 5/5
  2082 | D:3      | Found a shimmering altar of Xom.
  2196 | D:3      | Found Voipt's Armour Boutique.
  2201 | D:3      | Bought a +0 cloak for 63 gold pieces
  2317 | D:3      | Noticed Sigmund
  2326 | D:3      | Killed Sigmund
  2327 | D:3      | Reached skill level 5 in Maces & Flails
  2327 | D:3      | Reached XP level 6. HP: 42/51 MP: 6/6
  2416 | D:3      | Identified the +8 rapier "Wostaeh" {pain, rElec rF+}
  2959 | D:4      | Found a runed translucent door.
  2960 | D:4      | Noticed Crazy Yiuf
  3064 | D:4      | Reached skill level 6 in Maces & Flails
  3173 | D:4      | Gained mutation: You regenerate magic and health when
                  | rolling toward enemies. (Rampage Regen) [Armataur growth]
  3173 | D:4      | Reached XP level 7. HP: 57/57 MP: 7/7
  3269 | D:4      | Reached skill level 7 in Maces & Flails
  3592 | D:4      | Killed Crazy Yiuf
  3667 | D:5      | Entered Level 5 of the Dungeon
  3805 | D:5      | Reached skill level 8 in Maces & Flails
  3851 | D:5      | Found a staircase to the Ecumenical Temple.
  3864 | Temple   | Entered the Ecumenical Temple
  3900 | Temple   | Became a worshipper of the Wu Jian Council
  3937 | D:5      | Reached XP level 8. HP: 27/63 MP: 8/8
  4127 | D:5      | Reached skill level 9 in Maces & Flails
  4412 | D:5      | Reached * piety under Wu Jian
  4471 | D:5      | Reached skill level 10 in Maces & Flails
  5057 | D:6      | Found Kuhont's Antique Weapon Emporium.
  5062 | D:6      | Reached XP level 9. HP: 69/69 MP: 9/9
  5311 | D:6      | Reached skill level 11 in Maces & Flails
  5485 | D:6      | Reached ** piety under Wu Jian
  5666 | D:6      | Found Lanaug's Book Emporium.
  5722 | D:6      | Found Lietroz's Weapon Shoppe.
  5726 | D:6      | Found Ehuranoy's Book Boutique.
  6250 | D:7      | Reached skill level 12 in Maces & Flails
  6423 | D:7      | Found a glowing golden altar of the Shining One.
  7078 | D:7      | Noticed Duvessa
  7080 | D:7      | Noticed Dowan
  7087 | D:7      | Killed Duvessa
  7092 | D:7      | Killed Dowan
  7437 | D:8      | Paralysed by a hornet for 2 turns
  7445 | D:8      | Paralysed by a hornet for 1 turns
  7450 | D:8      | Reached skill level 13 in Maces & Flails
  7450 | D:8      | Reached XP level 10. HP: 37/77 MP: 10/10
  7647 | D:8      | Slain by a water moccasin

Illustrated notes

Levels and vault maps discovered:
D:1:      ncdulo_watergridlock, layout_rooms, nicolae_figureground_sparkle
D:2:      layout_basic, serial_shops, shop, shop,
          hangedman_abyss_or_decor_stabs, chequers_serial_rivers_small_3,
          nicolae_wormholes
D:3:      layout_loops_ring, xom_teletrap_fun, gammafunk_temple_overflow_claw,
          lemuel_tele_altar, serial_shops, nicolae_shop_trees, uniq_sigmund
D:4:      layout_loops_corners, uniq_crazy_yiuf_cottage
D:5:      minmay_chambers_of_threes, layout_basic,
          minmay_temple_entry_stoned_glass, grunt_decor_mini_mirrors,
          kennysheep_generic_room_4
D:6:      layout_basic, serial_shops, shop, shop, shop, shop,
          hangedman_decor_clover_reticule, serial_bayou_lagoon_a
D:7:      layout_basic, marbit_many_paths, chequers_serial_rivers_micro_c,
          minmay_misc_feat_encased, uniq_duvessa
D:8:      layout_cave_pods, minmay_lair_entry_grove, uniq_joseph
Temple:   nicolae_temple_bog_church

Skill      XL: |  1  2  3  4  5  6  7  8  9 |
---------------+----------------------------+-----
Maces & Flails | 2 3 4 5 6 8 10 13 | 13.3
Armour         | 4 |  4.0
Fighting       | 3 |  3.0
Shields        | 4 |  4.0

Action                     |  1- 3 |  4- 6 |  7- 9 | 10-12 || total
---------------------------+-------+-------+-------+-------++-------
  Melee: Flail             |   115 |   136 |   438 |    41 ||   730
         Tailslap          |    13 |    10 |    53 |     6 ||    82
Ability: Lunge             |       |       |    33 |     1 ||    34
         Whirlwind         |       |       |    13 |    16 ||    29
         Wall Jump         |       |       |       |     2 ||     2
    Use: Scroll            |     3 |     2 |     8 |       ||    13
         Potion            |       |     1 |       |     4 ||     5
 Armour: Scale mail        |    98 |   145 |       |       ||   243
         Plate armour      |       |    20 |   471 |    64 ||   555
  Dodge: Dodged            |    47 |    30 |    40 |    11 ||   128
  Block: Buckler           |    21 |    52 |    75 |    15 ||   163

Table legend: (Time is in decaauts)
 A = Elapsed time spent in this place.
 B = Non-inter-level travel time spent in this place.
 C = Inter-level travel time spent in this place.
 D = Time resting spent in this place.
 E = Time spent auto-exploring this place.
 F = Levels seen in this place.
 G = Mean time per level.
                   A        B        C        D        E       F      G
               +--------+--------+--------+--------+--------+-----+--------+
         Total |   7723 |   7448 |    275 |    386 |   5764 |   9 |  858.1 |
       Dungeon |   7669 |   7445 |    224 |    386 |   5764 |   8 |  958.6 |
        Temple |     53 |      2 |     51 |      0 |      0 |   1 |   53.0 |
               +--------+--------+--------+--------+--------+-----+--------+

Top non-repeatable levels by time:
     D:5: 1332 daAuts
     D:4: 1265 daAuts
     D:7: 1176 daAuts
     D:6: 1160 daAuts
     D:2: 1119 daAuts
     D:1: 729 daAuts
     D:3: 658 daAuts
     D:8: 226 daAuts
  Temple: 53 daAuts
